 Dungeon Crawl Stone Soup version 0.27.0-1-g7a089689b8 (webtiles) character file.

Game seed: 17901176504491781644

611 seveneves the Skirmisher (level 7, 0/61 (62) HPs)
             Began as a Minotaur Fighter on Aug 3, 2021.
             Was a Follower of Qazlal.
             Slain by a water moccasin (3 damage)
             ... on level 5 of the Dungeon.
             The game lasted 00:10:11 (3590 turns).

seveneves the Skirmisher (Minotaur Fighter)         Turns: 3590, Time: 00:10:12

HP:   0/61 (62)     AC:  7    Str: 23    XL:     7   Next: 20%
MP:   6/6           EV:  8    Int:  5    God:    Qazlal [*.....]
Gold: 168           SH: 12    Dex:  9    Spells: 6/6 levels left

rFire    . . .     SeeInvis .   a - +2 long sword (freeze)
rCold    . . .     Faith    +   c - +1 kite shield
rNeg     . . .     Spirit   .   b - +0 scale mail
rPois    .         Reflect  .   (helmet restricted)
rElec    .         Harm     .   (no cloak)
rCorr    .         Rampage  .   (no gloves)
Will     .....                  (no boots)
Stlth    ..........             e - amulet of faith
HPRegen  0.20/turn              (no ring)
MPRegen  0.10/turn              (no ring)

@: lethally poisoned (0 -> -3), lightly drained
A: horns 2, retaliatory headbutt
a: Renounce Religion


You were on level 5 of the Dungeon.
You worshipped Qazlal.
Qazlal was aware of your devotion.
You visited 1 branch of the dungeon, and saw 5 of its levels.

You collected 168 gold pieces.

Inventory:

Hand Weapons
 a - a +2 long sword of freezing (weapon)
 h - a +2 whip of draining
Armour
 b - a +0 scale mail (worn)
 c - a +1 kite shield (worn)
Jewellery
 e - an amulet of faith (around neck)
 m - a ring of protection from cold
Wands
 g - a wand of paralysis (11)
Scrolls
 j - a scroll of enchant armour
Potions
 d - a potion of might
 i - 2 potions of curing {unknown}
 r - 2 potions of flight
 s - a potion of cancellation


   Skills:
 + Level 5.9 Fighting
 + Level 5.4 Long Blades
 + Level 5.4 Armour
 + Level 2.3 Dodging
 + Level 5.4 Shields


You had 6 spell levels left.
You didn't know any spells.
Your spell library contained the following spells:

 Spells                   Type           Power      Damage    Failure   Level
 Animate Skeleton         Necr           0%         N/A       99%         1
 Beastly Appendage        Tmut           0%         N/A       99%         1
 Magic Dart               Conj           0%         1d3       99%         1
 Pain                     Necr           0%         1d4       99%         1
 Call Imp                 Summ           0%         N/A       100%        2
 Wereblood                Tmut           0%         N/A       100%        2
 Mephitic Cloud           Conj/Pois/Air  0%         N/A       100%        3
 Spider Form              Tmut/Pois      0%         N/A       100%        3
 Vampiric Draining        Necr           0%         2d6       100%        3


Dungeon Overview and Level Annotations

Branches:
Dungeon (5/15)
 Temple: D:4-7

Altars:
Elyvilon
Qazlal
Trog
Wu Jian
Yredelemnul
The Shining One


Innate Abilities, Weirdness & Mutations

You have a pair of horns on your head.
You reflexively headbutt those who attack you in melee.


Message History

You feel aware of your surroundings.
You sensed 3 altars.
It was a scroll of magic mapping.
Found a scroll labelled BIFFAT JYMN.
Found 21 gold pieces.
A water moccasin comes into view.
The water moccasin hisses angrily.
You block the water moccasin's attack.
You barely miss the water moccasin.
The water moccasin bites you but does no damage. x2
You completely miss the water moccasin. You headbutt the water moccasin!
The water moccasin is heavily wounded.
The water moccasin bites you.
You are poisoned.
The water moccasin poisons you!
You hit the water moccasin but do no damage.
The water moccasin is heavily wounded.
You feel very sick. You block the water moccasin's attack.
The water moccasin bites you.
You barely miss the water moccasin.
The water moccasin is heavily wounded.
You feel very sick. The water moccasin bites you.
* * * LOW HITPOINT WARNING * * *
The water moccasin bites you but does no damage.
You hit the water moccasin. You freeze the water moccasin.
Your headbutt misses the water moccasin.
The water moccasin is severely wounded.
You feel very sick. You block the water moccasin's attack.
The water moccasin bites you.
* * * LOW HITPOINT WARNING * * *
You closely miss the water moccasin.
The water moccasin is severely wounded.
* * * LOW HITPOINT WARNING * * *
You feel sick.
You block the water moccasin's attack. x2
You hit the water moccasin.
The water moccasin seems to slow down.
You freeze the water moccasin.
The water moccasin is severely wounded.
* * * LOW HITPOINT WARNING * * *
You feel sick. The water moccasin bites you.
You die...

*,**,,,*,**,,,,,,,,,,,,,,,,,*
**,,,,*,*,**,.....,,,,,,,,,,,*
*,***,*,,,**,....#,*,,,,,*****
*,,,******+*,....#.#+####*
*,_,*,,,,*,*,,..........# ####
*,,,****,*,,,,$..##.....# #...
*****,<,,,,*,,,#.#......######...
* *,,*,*,*,*,*,#S................
*,,*,*,*,,,*,#@.....(..........
***,,*,,,*,,,,,#.................
,,,,,*,*****##.#.................
,,,,,*,,,,,....................##
,,,,,**,***######..............##
,,,,,**,* *....................
,,,,,**,****#.#...............###
,,,,,**,,,,**,#.?.#+#############
,,,,,**,,,,**,#...#,*#.,,........


You could see a water moccasin (slow).

Vanquished Creatures
  2 ogres
  3 scorpions (D:4)
  A hound (D:4)
  3 iguanas (D:4)
  A hound skeleton (D:4)
  8 adders
  3 worms
  2 dart slugs (D:1)
  3 orcs
  5 bats
  7 endoplasms
  5 giant cockroaches
  5 hobgoblins
  3 jackals (D:2)
  2 quokkas (D:3)
  3 ball pythons
  A frilled lizard (D:2)
  2 goblins
  4 kobolds
  5 rats
68 creatures vanquished.

Notes
Turn   | Place    | Note
-------+----------+-------------------------------------------
     0 | D:1      | seveneves the Minotaur Fighter began the quest for the Orb.
     0 | D:1      | Reached XP level 1. HP: 19/19 MP: 0/0
   407 | D:1      | Reached XP level 2. HP: 25/27 MP: 1/1
   686 | D:2      | Reached XP level 3. HP: 27/33 MP: 2/2
  1341 | D:2      | Found a faded altar of an unknown god.
  1930 | D:3      | Reached XP level 4. HP: 37/41 MP: 3/3
  1989 | D:3      | Found a stormy altar of Qazlal.
  2208 | D:3      | Became a worshipper of Qazlal Stormbringer
  2244 | D:3      | Found an ornate altar of the Wu Jian Council.
  2619 | D:4      | Noticed a scorpion
  2626 | D:4      | Reached skill level 5 in Fighting
  2626 | D:4      | Reached XP level 5. HP: 10/48 MP: 4/4
  2672 | D:4      | Reached skill level 1 in Dodging
  2708 | D:4      | Reached skill level 5 in Armour
  2708 | D:4      | Reached XP level 6. HP: 49/56 MP: 5/5
  2827 | D:4      | Reached skill level 5 in Shields
  3068 | D:4      | Reached skill level 5 in Long Blades
  3068 | D:4      | Reached XP level 7. HP: 51/62 MP: 6/6
  3309 | D:5      | Entered Level 5 of the Dungeon
  3374 | D:5      | Found a bloodstained altar of Trog.
  3375 | D:5      | Found a glowing golden altar of the Shining One.
  3375 | D:5      | Found a basalt altar of Yredelemnul.
  3378 | D:5      | Found a white marble altar of Elyvilon.
  3407 | D:5      | Reached * piety under Qazlal
  3590 | D:5      | HP: 3/61 [poisoned by a water moccasin]
  3590 | D:5      | Slain by a water moccasin

Illustrated notes

Levels and vault maps discovered:
D:1:      minmay_arrival_four_circles, layout_basic, minmay_misc_feat_columns,
          minmay_close_crescents
D:2:      layout_basic, shapermc_ecumenical_altar_flowoftime
D:3:      layout_basic, lemuel_crystal_altar, pdpol_wu_jian_five_deadly_venoms,
          kennysheep_nub
D:4:      layout_loops_ring
D:5:      layout_basic, grunt_temple_overflow_open, mainiacjoe_overflow_swirl,
          nicolae_overflow_crystal_walls, uniq_sigmund

Skill      XL: |  1  2  3  4  5  6 |
---------------+-------------------+-----
Armour         | 4 5 |  5.4
Shields        | 4 5 |  5.4
Fighting       | 4 5 |  5.9
Long Blades    | 3 4 5 |  5.4
Dodging        | 2 |  2.3

Action                   |  1- 3 |  4- 6 |  7- 9 || total
-------------------------+-------+-------+-------++-------
Melee: Long sword        |    80 |    95 |    17 ||   192
       Headbutt          |    14 |    14 |     4 ||    32
  Use: Scroll            |       |     7 |     4 ||    11
       Potion            |       |     4 |       ||     4
Armor: Scale mail        |    40 |    35 |     7 ||    82
Dodge: Dodged            |    16 |    21 |       ||    37
Block: Kite shield       |    37 |    56 |    12 ||   105
       Rpst.: Long sword |     2 |     2 |       ||     4
